 Dungeon Crawl Stone Soup version 0.27.1-15-g792fb953b9 (webtiles) character file.

Game seed: 2260248597229855561

8465 Gabide the Carver (level 10, -6/84 HPs)
             Began as a Demigod Hunter on Nov 19, 2021.
             Mangled by Snorg (16 damage)
             ... on level 10 of the Dungeon.
             The game lasted 00:17:48 (10054 turns).

Gabide the Carver (Demigod Hunter)                 Turns: 10054, Time: 00:17:49

Health: -6/84      AC:  8    Str: 25    XL:     10   Next: 85%
Magic:  13/13      EV: 34    Int: 13    God:
Gold:   466        SH:  0    Dex: 16    Spells: 9/9 levels left

rFire    . . .     SeeInvis +   t - +10 long sword of Floods {speed, *Corrode rPois Dex+2}
rCold    . . .     Faith    .   (no shield)
rNeg     + . .     Spirit   .   u - +5 robe of Night {Dark Will+ SInv}
rPois    +         Reflect  .   n - +0 hat
rElec    .         Harm     .   (no cloak)
rCorr    .         Rampage  .   v - +2 pair of gloves
Will     ++...                  x - +1 pair of boots
Stlth    +++.......             l - amulet of the acrobat
HPRegen  0.24/turn              i - ring of positive energy
MPRegen  0.13/turn              B - +4 ring of evasion

@: about to teleport, corroded, acrobatic
A: high mp 1, forlorn
a: no special abilities


You were on level 10 of the Dungeon.
You visited 1 branch of the dungeon, and saw 10 of its levels.

You collected 488 gold pieces.
You spent 22 gold pieces at shops.

Inventory:

Hand Weapons
 f - a +3 dagger of venom
 t - the +10 long sword of Floods (weapon) {speed, *Corrode rPois Dex+2}
   (You found it on level 4 of the Dungeon)

   Attacks with this weapon are significantly faster.
   Dex:       It affects your dexterity (+2).
   rPois:     It protects you from poison.
   *Corrode:  It may corrode you when you take damage.
Missiles
 b - a throwing net
 j - 2 javelins (quivered)
Armour
 n - a +0 hat (worn)
 u - the +5 robe of Night (worn) {Dark Will+ SInv}
   (You found it on level 5 of the Dungeon)

   It shrouds the wearer in darkness, reducing the range at which they can see
   and be seen by others.
   SInv:      It lets you see invisible.
   Will:      It increases your willpower.
 v - a +2 pair of gloves (worn)
 x - a +1 pair of boots (worn)
 D - a +2 scale mail of fire resistance
Jewellery
 e - a ring of ice
 i - a ring of positive energy (left hand)
 l - an amulet of the acrobat (around neck)
 B - a +4 ring of evasion (right hand)
Wands
 y - a wand of flame (17)
 z - a wand of digging (2)
 C - a wand of iceblast (12)
Scrolls
 c - a scroll of amnesia
 d - 2 scrolls of teleportation
 p - a scroll of fog
Potions
 a - 2 potions of might
 g - 2 potions of mutation
 h - 2 potions of attraction
 k - a potion of cancellation {unknown}
 m - a potion of brilliance {unknown}
 o - a potion of magic {unknown}
 q - 6 potions of flight
 r - 2 potions of lignification
 s - 2 potions of curing
 w - a potion of haste
 A - a potion of berserk rage {unknown}


   Skills:
 * Level 6.9 Fighting
 - Level 1.2(7.3) Short Blades
 * Level 11.3 Long Blades
 + Level 5.2 Throwing
 - Level 2.5 Armour
 * Level 6.3 Dodging
 + Level 3.8 Stealth


You had 9 spell levels left.
You didn't know any spells.
Your spell library contained the following spells:

 Spells                   Type           Power      Damage    Failure   Level
 Sublimation of Blood     Necr           0%         N/A       43%         2
 Wereblood                Tmut           0%         N/A       43%         2
 Gell's Gravitas          Tloc           0%         N/A       67%         3
 Lesser Beckoning         Tloc           0%         N/A       67%         3
 Portal Projectile        Hex/Tloc       0%         N/A       67%         3
 Teleport Other           Tloc           0%         N/A       67%         3
 Blade Hands              Tmut           0%         N/A       100%        5
 Excruciating Wounds      Necr           0%         N/A       100%        5
 Iskenderun's Battlesphe  Conj           0%         2d6       100%        5
 Iron Shot                Conj/Erth      0%         9d1       100%        6
 Spellforged Servitor     Conj/Summ      0%         N/A       100%        7
 Summon Hydra             Summ           0%         N/A       100%        7


Dungeon Overview and Level Annotations

Branches:
Dungeon (10/15)            Temple (0/1) D:7             Orc (0/2) D:9
   Lair: D:8-11

Shops:
D:2 *   D:5 (

Annotations:
D:10 Snorg


Innate Abilities, Weirdness & Mutations

Your attributes grow dramatically as you level up.
You have an increased reservoir of magic. (+10% MP)
You shall have no god before yourself.


Message History

You hit Snorg.
Snorg is heavily wounded.
Snorg barely misses you. Snorg misses you. Snorg claws you!
You slash Snorg!
Snorg is severely wounded.
Snorg barely misses you. Snorg claws you. Snorg claws you!!
Your corrosive artefact corrodes you!
You are too injured to fight recklessly!
You are too injured to fight recklessly!
You are too injured to fight recklessly!
You are too injured to fight recklessly!
You are too injured to fight recklessly!
You are too injured to fight recklessly!
You are too injured to fight recklessly!
You are too injured to fight recklessly!
You are too injured to fight recklessly!
You are too injured to fight recklessly!
You are too injured to fight recklessly!
Press: ? - help, v - describe, . - travel
Here: Snorg (severely wounded, berserk)
The floor, spattered with blood.
Unknown command.
Unknown command.
Press: ? - help, v - describe, . - travel
Here: Snorg (severely wounded, berserk)
The floor, spattered with blood.
Unknown command.
Okay, then.
Unknown command.
Unknown command.
Unknown command.
As you read the scroll of teleportation, it crumbles to dust.
You feel strangely unstable. Snorg completely misses you.
Snorg closely misses you. Snorg barely misses you. Snorg bites you!
* * * LOW HITPOINT WARNING * * *
Snorg claws you!
* * * LOW HITPOINT WARNING * * *
Snorg misses you. Snorg bites you!
You die...

#.........)......#
########.........#
#.........# #.........
##'####### #.# #.#
###############.#####
<......T@............
############..#.#########
#..#..........
#..###########
#..###########
#.............
#.############
#...........#
###########.#


You could see Snorg (berserk).

Vanquished Creatures
  Erica (D:9)
  A two-headed ogre (D:9)
  Pikel (D:9)
  A cyclops (D:9)
  Joseph (D:7)
  A komodo dragon (D:10)
  A hornet (D:9)
  3 wyverns
  6 yaks (D:10)
  Menkaure (D:4)
  Edmund (D:5)
  2 water moccasins
  An acid dragon (D:10)
  A hornet zombie (D:6)
  4 orc warriors
  An ice beast (D:6)
  4 sky beasts
  A necrophage (D:7)
  3 centaurs
  2 lemures (D:9)
  2 kobold brigands
  2 bullfrogs
  2 gnoll sergeants
  2 wyvern zombies (D:7)
  A scorpion (D:6)
  A water moccasin skeleton (D:5)
  14 killer bees
  9 wights
  2 howler monkeys (D:9)
  A centaur zombie (D:8)
  2 hounds
  2 orc priests (D:9)
  2 jellies (D:7)
  2 centaur skeletons
  3 iguanas
  Natasha (D:4)
  8 orc wizards
  2 killer bee zombies
  3 howler monkey zombies
  4 gnolls (D:9)
  2 adders (D:2)
  3 white imps (D:7)
  An ufetubus (D:5)
  An adder skeleton (D:4)
  2 worms (D:2)
  A dart slug (D:3)
  22 orcs
  3 ball pythons
  5 endoplasms
  4 giant cockroaches
  6 goblins
  14 hobgoblins
  4 jackals (D:3)
  11 kobolds
  5 quokkas
  5 bats
  5 frilled lizards
  3 rats
  A spectral hobgoblin (D:2)
  A spectral orc (D:4)
201 creatures vanquished.

Vanquished Creatures (others)
  4 plants
4 creatures vanquished.

Grand Total: 205 creatures vanquished

Notes
Turn   | Place    | Note
-------+----------+-------------------------------------------
     0 | D:1      | Gabide the Demigod Hunter began the quest for the Orb.
     0 | D:1      | Reached XP level 1. HP: 17/17 MP: 3/3
   242 | D:1      | Reached XP level 2. HP: 24/24 MP: 4/4
   255 | D:1      | You fall into a shaft and drop 1 floor!
   317 | D:2      | Reached skill level 1 in Stealth
   515 | D:2      | Reached XP level 3. HP: 10/29 MP: 5/5
  1051 | D:2      | Found Wata's Assorted Antiques.
  1059 | D:2      | Bought a scroll labelled ERIAHEIZXA for 22 gold pieces
  1714 | D:2      | Reached XP level 4. HP: 27/36 MP: 6/6
  1924 | D:3      | Reached skill level 1 in Armour
  2503 | D:4      | HP: 1/36 [goblin/stone (2)]
  2726 | D:4      | Reached skill level 1 in Short Blades
  2776 | D:4      | Noticed Natasha
  2787 | D:4      | Killed Natasha
  2899 | D:4      | Identified the +3 quarterstaff of Responsibility {vamp,
                  | rElec Str+3}
  2971 | D:4      | Identified the +10 long sword of Floods {speed, *Corrode
                  | rPois Dex+2}
  3131 | D:4      | Noticed Menkaure
  3137 | D:4      | Reached XP level 5. HP: 25/41 MP: 7/7
  3141 | D:4      | Killed Menkaure
  3142 | D:4      | Reached skill level 1 in Long Blades
  3332 | D:5      | Entered Level 5 of the Dungeon
  3405 | D:5      | Found Puphoix's Weapon Shop.
  3427 | D:5      | Reached XP level 6. HP: 40/50 MP: 8/8
  3524 | D:5      | Noticed Edmund
  3536 | D:5      | Killed Edmund
  3537 | D:5      | Reached skill level 2 in Long Blades
  3893 | D:5      | Found the +5 robe of Night {Dark Will+ SInv}
  4305 | D:6      | Reached skill level 3 in Long Blades
  4305 | D:6      | Reached skill level 5 in Throwing
  4465 | D:6      | Reached XP level 7. HP: 56/56 MP: 9/9
  4679 | D:6      | Reached skill level 4 in Long Blades
  5202 | D:6      | Noticed a troll
  5565 | D:6      | Reached skill level 5 in Long Blades
  5899 | D:7      | Noticed Joseph
  5908 | D:7      | Killed Joseph
  5909 | D:7      | Reached XP level 8. HP: 37/64 MP: 10/10
  6114 | D:7      | Reached skill level 6 in Long Blades
  6224 | D:7      | Found a staircase to the Ecumenical Temple.
  6357 | D:7      | Reached skill level 7 in Long Blades
  6694 | D:7      | Reached XP level 9. HP: 71/72 MP: 11/11
  6996 | D:8      | Reached skill level 8 in Long Blades
  7328 | D:8      | Reached skill level 5 in Dodging
  7337 | D:8      | Reached skill level 5 in Fighting
  7406 | D:8      | Reached skill level 9 in Long Blades
  7912 | D:9      | Noticed Erica
  7917 | D:9      | Noticed a two-headed ogre
  7928 | D:9      | Killed Erica
  7929 | D:9      | Reached XP level 10. HP: 10/82 MP: 13/13
  7934 | D:9      | HP: 4/82 [poisoned by Erica (bolt of poison)]
  8282 | D:9      | Killed a two-headed ogre
  8283 | D:9      | Reached skill level 10 in Long Blades
  8526 | D:9      | Noticed a cyclops
  8530 | D:9      | Noticed Pikel
  8536 | D:9      | Killed a cyclops
  8551 | D:9      | Killed Pikel
  8923 | D:9      | Found a staircase to the Orcish Mines.
  9269 | D:10     | Entered Level 10 of the Dungeon
  9355 | D:10     | Reached skill level 11 in Long Blades
 10039 | D:10     | Noticed Snorg
 10054 | D:10     | Mangled by Snorg

Illustrated notes

Levels and vault maps discovered:
D:1:      dpeg_arrival_radiant, layout_basic, serial_bayou, serial_bayou_pond_b,
          serial_bayou_pond_b, serial_bayou_ford_a, serial_bayou_lagoon_a,
          hangedman_decor_growths
D:2:      minmay_general_purpose_star, layout_loops_ring, serial_shops,
          nicolae_square_shop, dreamdust_ecumenical_altar_drowned_temple,
          chequers_garden, chequers_serial_rivers_micro_a, minmay_tromino_i2
D:3:      layout_loops_cross, grunt_ministairs_12
D:4:      layout_basic, nicolae_hepliaklqana_monster_ancestors, sigmund_army,
          uniq_menkaure, uniq_natasha
D:5:      layout_gridville, nicolae_overflow_hidden_temple, bloody_makhleb,
          serial_shops, kennysheep_mini, uniq_edmund
D:6:      layout_loops_ring, mainiacjoe_overflow_two_lobes, roderic_lattice_a
D:7:      layout_cave_pools, minmay_temple_entry_hall, st_stairs_9,
          minmay_quadrilaterals, uniq_joseph
D:8:      layout_gridville
D:9:      minmay_weird_star, layout_basic, minmay_orc_entry_temple_small,
          uniq_pikel, uniq_erica
D:10:     layout_basic, nicolae_qazlal_style_of_elements,
          lemuel_mausoleum_altar_kikubaaqudgha, lemuel_old_faithful, uniq_grum,
          uniq_snorg

Skill      XL: |  1  2  3  4  5  6  7  8  9 10 |
---------------+-------------------------------+-----
Throwing       | 4 5 |  5.2
Stealth        | 1 2 3 |  3.8
Fighting       | 2 3 4 5 6 |  6.9
Dodging        | 2 3 4 5 6 |  6.3
Armour         | 1 2 |  2.5
Short Blades   | 1 |  1.2
Long Blades    | 1 3 5 7 9 11 | 11.3

Action                   |  1- 3 |  4- 6 |  7- 9 | 10-12 || total
-------------------------+-------+-------+-------+-------++-------
Melee: Short sword       |    10 |       |       |       ||    10
       Dagger            |    78 |    78 |     2 |       ||   158
       Long sword        |       |    52 |   225 |   148 ||   425
Throw: Javelin           |    10 |     8 |     9 |       ||    27
       Throwing net      |       |     4 |     1 |       ||     5
  Use: Scroll            |     3 |     6 |     7 |     5 ||    21
       Potion            |       |     2 |     4 |       ||     6
 Stab: Sleeping          |     6 |     2 |     3 |     1 ||    12
       Distracted        |       |       |       |     1 ||     1
Armor: Leather armour    |    20 |     4 |       |       ||    24
       Ring mail         |       |    22 |       |       ||    22
       Robe              |       |     6 |    38 |    22 ||    66
Dodge: Dodged            |    45 |    91 |   127 |   118 ||   381
       Rpst.: Long sword |       |     6 |    40 |    29 ||    75
